 Dungeon Crawl Stone Soup version 0.25-a0-566-g062765b (webtiles) character file.

Game seed: 6945770635359826503, levelgen mode: deterministic

5133 CanOfBees the Destroyer (level 10, 0/84 HPs)
             Began as a Yellow Draconian Conjurer on Feb 29, 2020.
             Was an Elder of Vehumet.
             Slain by a hippogriff (5 damage)
             ... on level 9 of the Dungeon.
             The game lasted 00:28:30 (14647 turns).

CanOfBees the Destroyer (DrCj)                     Turns: 14647, Time: 00:28:31

Health: 0/84       AC:  9    Str: 12    XL:     10   Next: 33%
Magic:  19/19      EV: 11    Int: 18    God:    Vehumet [****..]
Gold:   223        SH:  7    Dex: 11    Spells: 3/21 levels left

rFire    . . .     SeeInvis .   a - +4 scimitar (flame)
rCold    . . .     Gourm    .   J - +0 kite shield
rNeg     . . .     Faith    .   (armour unavailable)
rPois    .         Spirit   .   (helmet restricted)
rElec    .         Reflect  .   (no cloak)
rCorr    +         Harm     .   K - +0 pair of gloves
MR       .....                  B - +0 pair of boots
Stlth    ++........             (no amulet)
HPRegen  0.24/turn              A - ring of wizardry
MPRegen  0.16/turn              (no ring)

@: starving
A: spit acid, unfitting armour, cold-blooded, acid resistance, AC +7
a: Breathe Acid, Renounce Religion


You were on level 9 of the Dungeon.
You worshipped Vehumet.
Vehumet was greatly pleased with you.
You were starving.

You visited 1 branch of the dungeon, and saw 9 of its levels.
You also visited: Sewer.

You collected 439 gold pieces.
You spent 216 gold pieces at shops.

Inventory:

Hand Weapons
 a - a +4 scimitar of flaming (weapon)
 b - a +1 rapier of speed
 I - a +2 scimitar of holy wrath
 M - a +4 long sword
Missiles
 c - 27 poisoned darts (quivered)
 d - 354 stones
 h - 179 bolts
 j - 242 arrows
 p - 119 sling bullets
 w - 5 boomerangs
Armour
 B - a +0 pair of boots (worn)
 J - a +0 kite shield (worn)
 K - a +0 pair of gloves (worn)
Jewellery
 A - a ring of wizardry (left hand)
 E - an uncursed ring of flight
 G - an uncursed ring of fire
Wands
 k - a wand of flame (8)
 u - a wand of polymorph (16)
 F - a wand of iceblast (2)
Scrolls
 e - 2 scrolls of amnesia
 g - a scroll of immolation
 l - 5 scrolls of remove curse
 n - 6 scrolls of teleportation
 t - a scroll of blinking
 v - a scroll of fog
 L - a scroll of fear {unknown}
Potions
 f - 2 potions of cancellation
 i - 4 potions of magic
 m - a potion of flight
 o - 2 potions of brilliance
 x - 2 potions of haste
 z - 7 potions of curing
 D - a potion of heal wounds {unknown}
 H - a potion of stabbing
Comestibles
 r - 12 rations


   Skills:
 + Level 6.9 Fighting
 - Level 2.1 Long Blades
 - Level 4.0 Dodging
 - Level 1.7 Stealth
 + Level 1.6 Shields
 + Level 6.2 Spellcasting
 + Level 8.2 Conjurations
 - Level 4.0 Hexes
 * Level 2.3 Transmutations
 - Level 4.4 Fire Magic
 - Level 4.9 Air Magic


You had 3 spell levels left.
You knew the following spells:

 Your Spells              Type           Power        Failure   Level  Hunger
a - Magic Dart            Conj           ####         1%          1    None
b - Searing Ray           Conj           #####.       1%          2    None
c - Dazzling Flash        Conj/Hex       ####..       1%          3    ##.....
d - Shock                 Conj/Air       ####         1%          1    None
e - Foxfire               Conj/Fire      ####         1%          1    None
f - Fulminant Prism       Conj/Hex       ####......   6%          4    ####...
g - Ignite Poison         Fire/Tmut/Pois ##......     9%          3    ##.....
h - Mephitic Cloud        Conj/Pois/Air  ###.....     4%          3    ##.....

Your spell library contained the following spells:

 Spells                   Type           Power        Failure   Level  Hunger
 Conjure Flame            Conj/Fire      ####....     1%          3    ##.....
 Slow                     Hex            ###.....     8%          2    None
 Beastly Appendage        Tmut           ##....       11%         1    None
 Sticks to Snakes         Tmut           ##......     16%         2    None
 Infusion                 Chrm           #...         26%         1    None
 Spectral Weapon          Hex/Chrm       ##......     32%         3    ##.....
 Blink                    Tloc           N/A          36%         2    None
 Call Imp                 Summ           #.......     36%         2    None
 Shroud of Golubria       Chrm/Tloc      #.....       36%         2    None
 Song of Slaying          Chrm           #.......     36%         2    None
 Spider Form              Tmut/Pois      #.........   43%         3    ##.....
 Ozocubu's Armour         Chrm/Ice       #.......     58%         3    ##.....
 Iskenderun's Mystic Bla  Conj/Tloc      ###.....     13%         4    ####...
 Ice Form                 Ice/Tmut       #.......     82%         4    ####...
 Blade Hands              Tmut           ##........   93%         5    #####..


Dungeon Overview and Level Annotations

Branches:
Dungeon (9/15)             Temple (0/1) D:5           Sewer (visited)
   Lair: D:8-11         Orc: D:9-12

Altars:
Ashenzari
Dithmenos
Fedhas
Gozag
Makhleb
Nemelex Xobeh
Okawaru
Ru
Sif Muna
Trog
Vehumet
The Shining One

Shops:
D:8 [

Annotations:
D:3 3 runed translucent doors, Lychonis's ghost, amateur GrCj; lordlovebone's ghost, amateur DsWn; robertstho's ghost, amateur GrFi


Innate Abilities, Weirdness & Mutations

You can spit globs of acid.
Your golden yellow scales are hard. (AC +7)
You cannot fit into any form of body armour.
You are cold-blooded and may be slowed by cold attacks.
You are resistant to acid. (rCorr)


Message History

The hippogriff is heavily wounded.
The hippogriff bites you.
* * * LOW HITPOINT WARNING * * *
The hippogriff pecks you.
* * * LOW HITPOINT WARNING * * *
The hippogriff claws you.
* * * LOW HITPOINT WARNING * * *
You slash the hippogriff! You burn the hippogriff.
The hippogriff is severely wounded.
The hippogriff bites you but does no damage.
You block the hippogriff's attack.
The hippogriff claws you but does no damage.
The hippogriff closely misses you. The hippogriff pecks you.
* * * LOW HITPOINT WARNING * * *
The hippogriff closely misses you.
Okay, then.
You feel better. The hippogriff bites you!
* * * LOW HITPOINT WARNING * * *
The hippogriff pecks you.
You die...

#.......# #<#####.# #.#
#.# ........# #.## ###
........# ##..# #..
######### ##.#.#### #.#
#..._...## #.#
#####..#.#...###.# O.
..#@.....#......##)#
..###.#H###.....###.##.#
......#..........##..... .
............#.#..##..#.# .
.###..#..####..........>
##. #..#..# ##..#.#...#.#
..####..#..###...#.##.##.#
##.................##.##.#
#...###.#...##.#.#.......#


You could see a hippogriff.

Vanquished Creatures
  A hydra (D:6)
  Erica (D:8)
  Pikel (D:7)
  2 humans (D:8)
  A sky beast (D:6)
  3 phantoms
  4 ogres
  6 centaurs
  3 bullfrogs
  3 scorpions (D:6)
  8 killer bees
  3 wights (D:6)
  A howler monkey (D:4)
  A crimson imp (D:7)
  2 hounds
  8 orc wizards
  3 orc priests
  A bullfrog skeleton (D:9)
  8 worker ants
  Ijyb (D:5)
  An iguana (D:6)
  Robin (D:3)
  3 gnolls (D:7)
  14 adders
  A river rat (Sewer)
  4 shadow imps
  4 oozes
  An adder skeleton (D:4)
  5 worms
  2 dart slugs (D:1)
  4 leopard geckos
  27 orcs
  6 bats
  6 giant cockroaches
  10 goblins
  13 hobgoblins
  13 jackals
  10 kobolds
  4 quokkas
  6 ball pythons
  7 frilled lizards
  A leopard gecko skeleton (D:4)
  A leopard gecko zombie (D:4)
  10 rats
215 creatures vanquished.

Vanquished Creatures (others)
  A slave (D:7)
  A killer bee (D:7)
  A bush (D:7)
  15 foxfires (D:6)
  3 fulminant prisms
21 creatures vanquished.

Grand Total: 236 creatures vanquished

Notes
Turn   | Place    | Note
-------+----------+-------------------------------------------
     0 | D:1      | CanOfBees the Draconian Conjurer began the quest for the
                  | Orb.
     0 | D:1      | Reached XP level 1. HP: 14/14 MP: 3/3
   433 | D:1      | Reached XP level 2. HP: 17/22 MP: 0/5
   660 | D:1      | Learned a level 2 spell: Searing Ray
  1176 | D:2      | Reached skill level 1 in Fighting
  1262 | D:2      | Reached XP level 3. HP: 28/28 MP: 2/6
  1417 | D:2      | Found an opulent altar of Gozag.
  1672 | D:2      | Found a sacrificial altar of Ru.
  1850 | D:2      | Reached XP level 4. HP: 36/36 MP: 4/7
  2459 | D:2      | Reached skill level 5 in Conjurations
  2512 | D:2      | Found a radiant altar of Vehumet.
  2518 | D:2      | Became a worshipper of Vehumet
  2964 | D:2      | Learned a level 3 spell: Dazzling Flash
  3203 | D:3      | Found a sparkling altar of Nemelex Xobeh.
  3215 | D:3      | Reached XP level 5. HP: 41/41 MP: 5/9
  4060 | D:3      | Reached * piety under Vehumet
  4060 | D:3      | Offered knowledge of Shock by Vehumet.
  4361 | D:3      | Noticed Robin
  4396 | D:3      | Killed Robin
  4463 | D:3      | Found a runed translucent gate.
  4463 | D:3      | Found a runed translucent gate.
  4465 | D:3      | Found a runed translucent gate.
  4467 | D:3      | Noticed robertstho's ghost (amateur GrFi)
  4467 | D:3      | Noticed Lychonis's ghost (amateur GrCj)
  4468 | D:3      | Noticed lordlovebone's ghost (amateur DsWn)
  4671 | D:4      | Noticed a phantom
  4878 | D:4      | Killed a phantom
  4878 | D:4      | Reached skill level 1 in Hexes
  4878 | D:4      | Reached XP level 6. HP: 38/50 MP: 1/10
  5766 | D:4      | Reached skill level 6 in Conjurations
  5766 | D:4      | Your scales start taking on a golden yellow colour.
  5766 | D:4      | Reached XP level 7. HP: 57/57 MP: 3/12
  5766 | D:4      | Gained mutation: You are resistant to acid. (rCorr) [Yellow
                  | Draconian growth]
  6420 | D:4      | Learned a level 1 spell: Shock
  6446 | D:5      | Entered Level 5 of the Dungeon
  6474 | D:4      | Reached ** piety under Vehumet
  6474 | D:4      | Offered knowledge of Foxfire by Vehumet.
  6482 | D:4      | Learned a level 1 spell: Foxfire
  6679 | D:5      | Noticed Ijyb
  6690 | D:5      | Killed Ijyb
  6690 | D:5      | Reached skill level 1 in Long Blades
  6802 | D:5      | Found a glowing drain.
  6825 | Sewer    | Entered a sewer
  8255 | D:5      | Reached XP level 8. HP: 59/66 MP: 13/13
  8331 | D:5      | Noticed a moth of wrath
  8346 | D:5      | Offered knowledge of Stone Arrow by Vehumet.
  8358 | D:5      | Found a bloodstained altar of Trog.
  8661 | D:5      | Reached *** piety under Vehumet
  8845 | D:5      | Found a staircase to the Ecumenical Temple.
  8871 | D:5      | Found a shadowy altar of Dithmenos.
  8883 | D:5      | Reached skill level 7 in Conjurations
  9427 | D:6      | Reached skill level 1 in Air Magic
  9488 | D:6      | Found a burning altar of Makhleb.
  9566 | D:6      | Reached skill level 1 in Fire Magic
  9596 | D:6      | Learned a level 4 spell: Fulminant Prism
 10066 | D:6      | Offered knowledge of Airstrike by Vehumet.
 10507 | D:6      | Reached skill level 5 in Fighting
 10697 | D:7      | Reached XP level 9. HP: 67/74 MP: 13/16
 10743 | D:7      | Noticed a six-headed hydra
 10985 | D:7      | Noticed Pikel
 11242 | D:7      | Reached skill level 5 in Spellcasting
 11910 | D:7      | Found a blossoming altar of Fedhas.
 11916 | D:7      | Killed Pikel
 11916 | D:7      | Reached **** piety under Vehumet
 12135 | D:7      | Offered knowledge of Ignite Poison by Vehumet.
 12157 | D:7      | Learned a level 3 spell: Ignite Poison
 12161 | D:7      | Learned a level 3 spell: Mephitic Cloud
 12612 | D:7      | Found a shimmering blue altar of Sif Muna.
 12719 | D:7      | Identified Sif Muna's Papyrus of Transmutation
 12968 | D:6      | Killed a six-headed hydra
 13077 | D:8      | Noticed Erica
 13105 | D:8      | Noticed a two-headed ogre
 13197 | D:8      | Reached XP level 10. HP: 62/84 MP: 16/18
 13207 | D:8      | Found Put Fino's Antique Armour Shoppe.
 13214 | D:8      | Bought a kite shield for 108 gold pieces
 13214 | D:8      | Bought a pair of gloves for 108 gold pieces
 13396 | D:8      | Killed Erica
 13396 | D:8      | Reached skill level 1 in Shields
 13396 | D:8      | Reached skill level 8 in Conjurations
 13396 | D:8      | Reached skill level 1 in Transmutations
 13616 | D:8      | Found a glowing golden altar of the Shining One.
 13696 | D:8      | Found an iron altar of Okawaru.
 13801 | D:8      | You fall into a shaft and drop 1 floor!
 14610 | D:9      | Found a shattered altar of Ashenzari.
 14647 | D:9      | Slain by a hippogriff

Levels and vault maps discovered:
D:1:      evilmike_arrival_plus, layout_basic,
          wander_ebering_terrifying_dragon_lair
D:2:      layout_loops_ring, grunt_gozag_breadcrumbs, old_standard_altar,
          grunt_ministairs_1, kennysheep_cluttered_room,
          nicolae_ru_great_annihilating_truth
D:3:      layout_basic, nicolae_overflow_crystal_walls,
          gammafunk_ghost_cemetery, uniq_robin
D:4:      layout_loops_ring, minmay_joined_circles
D:5:      layout_rooms, tgw_trog, temple_hall, cheibrodos_sewer_entry_drain,
          first_ration, grunt_dithmenos_shadows, uniq_ijyb
D:6:      layout_cave_pods, lemuel_coloured_pillars_altar
D:7:      layout_loops_ring, led_sif_book, fedhas_bush_and_centaur_altar,
          minmay_starry_boxes, uniq_pikel
D:8:      layout_basic, kennysheep_mini, okawaru_humans, serial_shops, shop,
          minmay_misc_feat_x, uniq_erica
D:9:      layout_loops_ring, kennysheep_mini_moat, lemuel_crystal_altar,
          lemuel_mausoleum_altar_kikubaaqudgha

Skill      XL: |  1  2  3  4  5  6  7  8  9 10 |
---------------+-------------------------------+-----
Dodging        | 2 3 4 |  4.0
Fighting       | 1 2 3 5 6 |  6.9
Conjurations   | 5 6 7 8 |  8.2
Spellcasting   | 3 4 5 6 |  6.2
Hexes          | 1 2 4 |  4.0
Long Blades    | 1 2 |  2.1
Air Magic      | 2 4 |  4.9
Fire Magic     | 2 4 |  4.4
Shields        | 1 |  1.6
Transmutations | 2 |  2.3
Stealth        | |  1.7

Action                   |  1- 3 |  4- 6 |  7- 9 | 10-12 || total
-------------------------+-------+-------+-------+-------++-------
Melee: Unarmed           |    36 |       |       |       ||    36
       Tailslap          |     1 |    13 |    21 |     1 ||    36
       Dagger            |       |    46 |       |       ||    46
       Long sword        |       |    48 |   180 |     1 ||   229
       Rapier            |       |       |    15 |       ||    15
       Falchion          |       |       |     6 |       ||     6
       Scimitar          |       |       |       |    16 ||    16
Throw: Stone             |       |    13 |       |       ||    13
       Dart              |       |    10 |     4 |       ||    14
 Cast: Magic Dart        |    30 |    83 |    75 |    23 ||   211
       Searing Ray       |    12 |    22 |    16 |     3 ||    53
       Foxfire           |       |       |    10 |       ||    10
       Fulminant Prism   |       |       |     3 |       ||     3
       Mephitic Cloud    |       |       |     3 |       ||     3
       Ignite Poison     |       |       |     2 |       ||     2
       Shock             |       |       |     1 |       ||     1
 Abil: Breathe Acid      |       |       |    29 |     4 ||    33
Evoke: Wand              |       |       |     7 |     5 ||    12
  Use: Scroll            |     1 |     3 |    16 |     3 ||    23
       Potion            |       |     1 |     8 |     1 ||    10
 Stab: Sleeping          |       |     1 |     1 |       ||     2
  Eat: Chunk             |     4 |     7 |    20 |     3 ||    34
       Ration            |       |     2 |     3 |       ||     5
Armor: Skin              |    22 |    37 |    87 |    18 ||   164
Dodge: Dodged            |    43 |    79 |   216 |    17 ||   355
Block: Kite shield       |       |       |       |    12 ||    12
       Rpst.: Long sword |       |     6 |    56 |     1 ||    63
       Falchion          |       |       |     2 |       ||     2
       Scimitar          |       |       |       |     4 ||     4

Table legend:
 A = Non-vault XP
 B = Vault XP
 C = Vault XP percentage of total XP
 D = Non-vault monster count
 E = Vault monster count
 F = Vault count percentage of total count
                 A         B        C        D         E       F
            +---------+---------+-------+---------+---------+-------
      Total |    4315 |    3019 |  41.2 |     151 |      64 |  29.8
            +---------+---------+-------+---------+---------+-------
        D:1 |      25 |       3 |  10.7 |      12 |       1 |   7.7
        D:2 |     101 |      51 |  33.6 |      27 |       6 |  18.2
        D:3 |      61 |      35 |  36.5 |      23 |      11 |  32.4
        D:4 |     271 |     396 |  59.4 |      10 |       9 |  47.4
        D:5 |     558 |     176 |  24.0 |      15 |       9 |  37.5
        D:6 |    2010 |       0 |   0.0 |      31 |       0 |   0.0
        D:7 |     511 |     975 |  65.6 |      16 |       7 |  30.4
        D:8 |     306 |    1315 |  81.1 |       8 |       3 |  27.3
        D:9 |     472 |       0 |   0.0 |       9 |       0 |   0.0
      Sewer |       0 |      68 | 100.0 |       0 |      18 | 100.0
            +---------+---------+-------+---------+---------+-------
